General information
- name: BNet
- type: Ladder team game (AT/RT)
- host: Battle.net
- saver: Dark.Ages
map: Deathknell
- players: 8
- length: 51:12
- speed: Fast
- version: 1.26 W3XP
- replay type: Public
» download(269 KB)
Players
team 1 (loser)

»
Kaotic_Krogan (
yellow | 42 APM | 713 actions | 17:00)
4 Paladin
2 Holy Light
2 Devotion Aura
» actions
| Assign group hotkey | 14 | |
| Basic commands | 8 | |
| Build / train | 61 | |
| Enter build submenu | 23 | |
| Enter hero's abilities submenu | 4 | |
| Right click | 291 | |
| Select / deselect | 209 | |
| Select group hotkey | 58 | |
| Use ability | 45 | |
713 total
» units
| Peasant | 19 | |
| Footman | 11 | |
| Knight | 6 | |
36 total
» upgrades
| Lumber Harvesting | 2 | |
| Swords | 1 | |
| Animal War Training | 1 | |
| Plating | 1 | |
| Priest Training | 1 | |
6 total
» buildings
| Barracks | 3 | |
| Altar of Kings | 1 | |
| Farm | 9 | |
| Scout Tower | 5 | |
| Lumber Mill | 1 | |
| Keep | 1 | |
| Town Hall | 1 | |
| Arcane Vault | 1 | |
| Guard Tower | 3 | |
| Blacksmith | 1 | |
| Castle | 1 | |
| Arcane Sanctum | 1 | |
28 total
» build order
00:11 Barracks
00:20 Altar of Kings
00:25 Farm
01:01 Farm
02:07 Farm
02:56 Scout Tower
03:12 Lumber Mill
03:32 Farm
03:56 Farm
04:37 Keep
05:45 Town Hall
06:12 Arcane Vault
06:16 Guard Tower
08:17 Blacksmith
08:54 Guard Tower
08:57 Castle
10:47 Scout Tower
10:50 Scout Tower
11:55 Barracks
12:12 Barracks
13:17 Arcane Sanctum
13:37 Farm
13:40 Scout Tower
13:43 Scout Tower
13:45 Guard Tower
13:52 Farm
15:41 Farm
15:51 Farm
» items
| Scroll of Regeneration | 1 | |
| Lesser Clarity Potion | 1 | |
| Ivory Tower | 7 | |
9 total
Dark.Ages (
orange | 86 APM | 4405 actions | 51:12)
10 Blademaster
3 Wind Walk
3 Critical Strike
1 Bladestorm
3 Mirror Image
» actions
| Assign group hotkey | 84 | |
| Basic commands | 65 | |
| Build / train | 128 | |
| ESC pressed | 11 | |
| Enter build submenu | 45 | |
| Enter hero's abilities submenu | 10 | |
| Give item / drop item | 12 | |
| Remove unit from queue | 7 | |
| Right click | 1857 | |
| Select / deselect | 431 | |
| Select group hotkey | 1429 | |
| Use ability | 326 | |
4405 total
» units
| Peon | 22 | |
| Grunt | 8 | |
| Wind Rider | 9 | |
| Goblin Shredder | 4 | |
| Troll Batrider | 5 | |
48 total
» upgrades
| Berserker Strength | 1 | |
| Armor | 3 | |
| Ranged Weapons | 3 | |
| Envenomed Spears | 2 | |
| Liquid Fire | 1 | |
| Reinforced Defenses | 1 | |
| Troll Regeneration | 1 | |
12 total
» buildings
| Altar of Storms | 1 | |
| Orc Burrow | 6 | |
| Barracks | 1 | |
| Voodoo Lounge | 1 | |
| Stronghold | 1 | |
| War Mill | 2 | |
| Beastiary | 2 | |
| Great Hall | 6 | |
| Watch Tower | 17 | |
| Fortress | 3 | |
40 total
» build order
00:09 Altar of Storms
00:14 Orc Burrow
00:20 Barracks
01:51 Orc Burrow
02:09 Voodoo Lounge
03:17 Stronghold
04:10 Orc Burrow
05:15 War Mill
05:50 Beastiary
05:54 Beastiary
06:22 Great Hall
07:47 Orc Burrow
09:49 Great Hall
11:14 Watch Tower
11:22 Watch Tower
12:22 Watch Tower
12:41 Watch Tower
12:44 Watch Tower
13:28 Fortress
13:28 Fortress
13:28 Fortress
13:30 Watch Tower
14:06 Watch Tower
14:09 Watch Tower
14:12 Watch Tower
14:19 Watch Tower
15:48 Great Hall
28:35 Great Hall
29:21 Great Hall
31:46 Orc Burrow
39:40 Great Hall
44:44 Orc Burrow
45:24 War Mill
46:38 Watch Tower
46:39 Watch Tower
46:41 Watch Tower
46:45 Watch Tower
46:48 Watch Tower
47:51 Watch Tower
48:06 Watch Tower
» items
| Healing Salve | 6 | |
| Lesser Clarity Potion | 12 | |
| Orb of Venom | 1 | |
| Potion of Mana | 3 | |
| Orb of Lightning | 1 | |
| Scroll of Town Portal | 3 | |
| Potion of Healing | 1 | |
27 total
eating-meh-bro (
blue | 58 APM | 2953 actions | 51:10)
6 Far Seer
3 Feral Spirit
2 Far Sight
1 Earth Quake
2 Paladin
1 Holy Light
1 Resurrection
» actions
| Assign group hotkey | 86 | |
| Basic commands | 19 | |
| Build / train | 56 | |
| Enter build submenu | 30 | |
| Enter hero's abilities submenu | 8 | |
| Give item / drop item | 4 | |
| Right click | 1256 | |
| Select / deselect | 404 | |
| Select group hotkey | 856 | |
| Use ability | 234 | |
2953 total
» units
| Peon | 10 | |
| Wind Rider | 7 | |
| Shaman | 3 | |
| Troll Batrider | 8 | |
28 total
» upgrades
| Ranged Weapons | 2 | |
| Reinforced Defenses | 1 | |
| Envenomed Spears | 1 | |
| Armor | 2 | |
| Shaman Training | 2 | |
8 total
» buildings
| Altar of Storms | 1 | |
| Orc Burrow | 7 | |
| War Mill | 1 | |
| Voodoo Lounge | 2 | |
| Watch Tower | 15 | |
| Stronghold | 1 | |
| Beastiary | 3 | |
| Fortress | 1 | |
| Spirit Lodge | 1 | |
| Great Hall | 1 | |
33 total
» build order
00:09 Altar of Storms
00:23 Orc Burrow
00:38 War Mill
01:07 Voodoo Lounge
01:52 Watch Tower
02:15 Orc Burrow
02:36 Watch Tower
02:55 Watch Tower
03:29 Stronghold
03:44 Orc Burrow
04:01 Watch Tower
04:26 Watch Tower
05:29 Watch Tower
05:31 Watch Tower
05:52 Beastiary
06:18 Fortress
06:46 Beastiary
09:10 Orc Burrow
09:43 Watch Tower
09:45 Watch Tower
10:59 Watch Tower
11:04 Watch Tower
11:27 Watch Tower
11:34 Watch Tower
13:28 Beastiary
13:31 Spirit Lodge
13:33 Orc Burrow
13:34 Orc Burrow
13:38 Watch Tower
16:15 Orc Burrow
37:39 Watch Tower
41:06 Voodoo Lounge
42:41 Great Hall
» items
| Healing Salve | 2 | |
| Scroll of Town Portal | 5 | |
| Scroll of Speed | 1 | |
| Potion of Healing | 1 | |
9 total
SouthElf (
red | 8 APM | 419 actions | 51:12)
2 Demon Hunter
1 Evasion
1 Mana Burn
» actions
| Build / train | 28 | |
| Enter build submenu | 22 | |
| Enter hero's abilities submenu | 2 | |
| Right click | 163 | |
| Select / deselect | 170 | |
| Use ability | 34 | |
419 total
» units
» upgrades
» buildings
| Ancient of War | 2 | |
| Moon Well | 6 | |
| Altar of Elders | 1 | |
| Ancient of Wonders | 1 | |
| Tree of Life | 1 | |
| Tree of Ages | 1 | |
| Hunter's Hall | 1 | |
| Tree of Eternity | 1 | |
| Ancient of Wind | 2 | |
| Ancient Protector | 2 | |
| Chimaera Roost | 2 | |
20 total
» build order
00:46 Ancient of War
01:10 Moon Well
01:11 Altar of Elders
01:37 Ancient of War
02:31 Moon Well
03:14 Ancient of Wonders
04:31 Tree of Life
04:36 Tree of Ages
05:25 Moon Well
05:27 Moon Well
06:52 Hunter's Hall
07:07 Tree of Eternity
07:16 Moon Well
07:48 Moon Well
08:42 Ancient of Wind
08:49 Ancient of Wind
09:04 Ancient Protector
09:06 Ancient Protector
09:56 Chimaera Roost
09:58 Chimaera Roost
team 2 (winner)

»
Phongman (
pink | 59 APM | 2999 actions | 51:12)
5 Death Knight
3 Death Coil
2 Unholy Aura
4 Lich
2 Frost Nova
2 Dark Ritual
» actions
| Assign group hotkey | 36 | |
| Basic commands | 37 | |
| Build / train | 84 | |
| Enter build submenu | 26 | |
| Enter hero's abilities submenu | 9 | |
| Give item / drop item | 1 | |
| Right click | 1280 | |
| Select / deselect | 495 | |
| Select group hotkey | 953 | |
| Use ability | 78 | |
2999 total
» units
| Acolyte | 21 | |
| Ghoul | 4 | |
| Crypt Fiend | 18 | |
| Frost Wyrm | 7 | |
| Tauren | 1 | |
51 total
» upgrades
| Creature Attack | 3 | |
| Web | 1 | |
| Freezing Breath | 1 | |
| Creature Carapace | 1 | |
6 total
» buildings
| Altar of Darkness | 1 | |
| Ziggurat | 11 | |
| Crypt | 1 | |
| Graveyard | 2 | |
| Nerubian Tower | 2 | |
| Tomb of Relics | 1 | |
| Halls of the Dead | 1 | |
| Black Citadel | 1 | |
| Necropolis | 1 | |
| Sacrificial Pit | 1 | |
| Boneyard | 2 | |
| Spirit Tower | 1 | |
25 total
» build order
00:06 Altar of Darkness
00:09 Ziggurat
00:33 Crypt
00:57 Graveyard
01:22 Nerubian Tower
01:39 Tomb of Relics
02:13 Ziggurat
03:16 Halls of the Dead
04:15 Ziggurat
07:18 Black Citadel
07:34 Ziggurat
08:23 Necropolis
08:31 Sacrificial Pit
10:26 Boneyard
11:24 Ziggurat
11:28 Boneyard
12:24 Ziggurat
13:35 Ziggurat
14:16 Spirit Tower
15:29 Ziggurat
18:48 Nerubian Tower
32:17 Ziggurat
32:19 Ziggurat
32:50 Graveyard
33:37 Ziggurat
» items
| Rod of Necromancy | 2 | |
| Orb of Corruption | 1 | |
| Scroll of Town Portal | 2 | |
| Potion of Healing | 1 | |
| Dust of Appearance | 2 | |
8 total

»
Mordak (
green | 45 APM | 1701 actions | 37:51)
6 Shadow Hunter
3 Healing Wave
2 Hex
1 Big Bad Voodoo
5 Tauren Chieftain
3 Endurance Aura
2 War Stomp
3 Blademaster
1 Critical Strike
1 Mirror Image
1 Wind Walk
» actions
| Assign group hotkey | 163 | |
| Basic commands | 150 | |
| Build / train | 88 | |
| Enter build submenu | 54 | |
| Enter hero's abilities submenu | 14 | |
| Give item / drop item | 3 | |
| Right click | 396 | |
| Select / deselect | 347 | |
| Select group hotkey | 366 | |
| Use ability | 120 | |
1701 total
» units
| Peon | 29 | |
| Grunt | 7 | |
| Goblin Shredder | 2 | |
| Tauren | 7 | |
45 total
» upgrades
| Armor | 3 | |
| Melee Weapons | 3 | |
| Berserker Strength | 1 | |
| Spiked Barricades | 3 | |
| Pillage | 1 | |
| Reinforced Defenses | 1 | |
| Pulverize | 1 | |
13 total
» buildings
| Orc Burrow | 6 | |
| Barracks | 1 | |
| Altar of Storms | 1 | |
| Voodoo Lounge | 1 | |
| Stronghold | 1 | |
| Great Hall | 7 | |
| War Mill | 1 | |
| Watch Tower | 26 | |
| Fortress | 1 | |
| Tauren Totem | 2 | |
47 total
» build order
00:09 Orc Burrow
00:50 Barracks
01:06 Orc Burrow
01:21 Altar of Storms
02:11 Orc Burrow
03:08 Voodoo Lounge
04:29 Stronghold
05:26 Great Hall
05:46 Orc Burrow
05:52 War Mill
07:07 Orc Burrow
08:04 Watch Tower
08:17 Fortress
09:15 Watch Tower
10:38 Watch Tower
11:39 Tauren Totem
11:44 Tauren Totem
11:53 Watch Tower
14:15 Watch Tower
14:21 Watch Tower
15:33 Watch Tower
15:38 Watch Tower
16:58 Watch Tower
17:39 Watch Tower
18:40 Great Hall
18:50 Watch Tower
23:06 Orc Burrow
23:09 Watch Tower
23:12 Watch Tower
23:14 Watch Tower
23:17 Watch Tower
24:17 Watch Tower
25:56 Watch Tower
26:29 Great Hall
27:18 Great Hall
27:57 Great Hall
29:34 Watch Tower
29:49 Watch Tower
30:39 Watch Tower
30:53 Watch Tower
31:41 Great Hall
31:49 Watch Tower
32:03 Watch Tower
32:08 Watch Tower
33:25 Watch Tower
33:27 Watch Tower
37:04 Great Hall
» items
| Scroll of Town Portal | 5 | |
| Tiny Great Hall | 1 | |
| Orb of Lightning | 2 | |
| Healing Salve | 2 | |
| Potion of Healing | 1 | |
11 total
DrunkenBoxing (
teal | 38 APM | 1965 actions | 51:08)
6 Blademaster
3 Wind Walk
2 Critical Strike
1 Bladestorm
» actions
| Assign group hotkey | 32 | |
| Basic commands | 177 | |
| Build / train | 84 | |
| Enter build submenu | 39 | |
| Enter hero's abilities submenu | 7 | |
| Give item / drop item | 14 | |
| Remove unit from queue | 1 | |
| Right click | 533 | |
| Select / deselect | 478 | |
| Select group hotkey | 219 | |
| Use ability | 380 | |
1965 total
» units
| Peon | 8 | |
| Grunt | 4 | |
| Goblin Shredder | 1 | |
| Goblin Sapper | 38 | |
| Goblin Zeppelin | 3 | |
| Wind Rider | 1 | |
| Acolyte | 1 | |
56 total
» upgrades
| Ranged Weapons | 3 | |
| Armor | 3 | |
| Reinforced Defenses | 1 | |
| Envenomed Spears | 1 | |
8 total
» buildings
| Orc Burrow | 7 | |
| Altar of Storms | 1 | |
| Barracks | 1 | |
| Voodoo Lounge | 1 | |
| Stronghold | 1 | |
| War Mill | 1 | |
| Great Hall | 2 | |
| Fortress | 1 | |
| Beastiary | 6 | |
| Watch Tower | 25 | |
46 total
» build order
00:15 Orc Burrow
00:56 Altar of Storms
00:58 Barracks
01:10 Orc Burrow
01:55 Voodoo Lounge
02:53 Stronghold
04:02 War Mill
04:08 Orc Burrow
04:59 Great Hall
06:43 Fortress
06:58 Beastiary
06:59 Beastiary
07:06 Watch Tower
07:06 Watch Tower
07:06 Watch Tower
07:07 Watch Tower
07:34 Orc Burrow
08:12 Orc Burrow
11:55 Beastiary
11:56 Beastiary
12:50 Watch Tower
12:51 Watch Tower
12:54 Watch Tower
12:55 Watch Tower
15:48 Watch Tower
15:49 Watch Tower
18:58 Watch Tower
18:59 Watch Tower
19:02 Watch Tower
19:03 Watch Tower
19:04 Watch Tower
20:57 Great Hall
21:00 Watch Tower
21:00 Watch Tower
21:01 Watch Tower
21:02 Watch Tower
21:03 Watch Tower
21:03 Watch Tower
21:04 Watch Tower
21:04 Watch Tower
22:30 Beastiary
22:33 Beastiary
31:17 Orc Burrow
31:21 Orc Burrow
31:47 Watch Tower
31:48 Watch Tower
» items
| Healing Salve | 5 | |
| Potion of Mana | 2 | |
| Lesser Clarity Potion | 1 | |
| Scroll of Town Portal | 1 | |
| Orb of Lightning | 1 | |
10 total
YOUmake4v4crap (
purple | 50 APM | 1858 actions | 37:31)
5 Death Knight
3 Death Coil
2 Unholy Aura
4 Lich
2 Frost Nova
2 Frost Armor
» actions
| Assign group hotkey | 35 | |
| Build / train | 82 | |
| ESC pressed | 1 | |
| Enter build submenu | 24 | |
| Enter hero's abilities submenu | 9 | |
| Remove unit from queue | 3 | |
| Right click | 728 | |
| Select / deselect | 289 | |
| Select group hotkey | 580 | |
| Use ability | 107 | |
1858 total
» units
| Acolyte | 8 | |
| Ghoul | 6 | |
| Crypt Fiend | 15 | |
| Ice Troll Trapper | 1 | |
| Ice Troll Berserker | 3 | |
| Gargoyle | 5 | |
| Frost Wyrm | 8 | |
46 total
» upgrades
| Creature Attack | 3 | |
| Creature Carapace | 2 | |
| Web | 1 | |
6 total
» buildings
| Crypt | 2 | |
| Ziggurat | 12 | |
| Altar of Darkness | 1 | |
| Graveyard | 1 | |
| Tomb of Relics | 2 | |
| Halls of the Dead | 1 | |
| Spirit Tower | 5 | |
| Necropolis | 4 | |
| Black Citadel | 1 | |
| Sacrificial Pit | 1 | |
| Nerubian Tower | 1 | |
| Boneyard | 2 | |
33 total
» build order
00:19 Crypt
00:22 Ziggurat
00:50 Altar of Darkness
01:17 Graveyard
01:22 Tomb of Relics
03:04 Ziggurat
03:05 Ziggurat
03:31 Halls of the Dead
04:40 Spirit Tower
08:17 Necropolis
08:24 Necropolis
09:05 Black Citadel
09:08 Sacrificial Pit
09:32 Ziggurat
09:33 Ziggurat
09:35 Ziggurat
09:35 Ziggurat
10:33 Crypt
10:38 Spirit Tower
10:41 Nerubian Tower
11:23 Spirit Tower
11:27 Tomb of Relics
11:39 Boneyard
11:41 Boneyard
26:30 Necropolis
26:58 Necropolis
27:30 Ziggurat
27:31 Ziggurat
27:31 Ziggurat
27:33 Ziggurat
27:33 Ziggurat
28:28 Spirit Tower
28:33 Spirit Tower
» items
| Rod of Necromancy | 1 | |
| Scroll of Town Portal | 5 | |
6 total
Chat log
(00:17 / All) eating-meh-bro: wrex > korgan
(00:25 / All) SouthElf: GL HF NOOBS
(00:30 / All) eating-meh-bro: i mean wrex > grunt
(00:39 / Allies) Kaotic_Krogan: i play with u yesterday?
(00:40 / All) DrunkenBoxing: did you go through with the genophage?
(00:44 / Allies) eating-meh-bro: aye
(00:47 / Allies) eating-meh-bro: i was pitlord harasser
(00:52 / Allies) Kaotic_Krogan: krogan > salarians
(00:59 / All) eating-meh-bro: yellow said he saved krogan
(01:08 / All) Dark.Ages: I always exterminated the Krogan the one time I played it
(01:13 / Allies) Kaotic_Krogan: krogan my fav race
(01:13 / All) Dark.Ages: human supremacy is the only way to go
(01:20 / All) DrunkenBoxing: if you stopped tthe genophage you're a traitor to humanity
(01:28 / All) Dark.Ages: ^^^
(01:34 / Allies) Kaotic_Krogan: then im a traitor
(01:38 / Allies) Kaotic_Krogan: and im ok with it
(01:44 / All) DrunkenBoxing: all those krogan will be trapped in our solar systme
(01:50 / All) DrunkenBoxing: and breed fast
(01:58 / All) SouthElf: too bad i cant read that and play at the same time^^^^^^
(01:59 / All) eating-meh-bro: LAND HO
(02:01 / All) DrunkenBoxing: = humanity doomed
(02:05 / Allies) Kaotic_Krogan: and human population was practically dead anyway
(02:26 / All) DrunkenBoxing: krogan are frog niggers
(02:37 / All) Dark.Ages: lawl
(02:44 / All) Dark.Ages: they even have shamans and shit
(05:00 / All) eating-meh-bro: lol
(05:01 / All) Dark.Ages: ARE OYU SHITING ME
(05:04 / All) Dark.Ages: THAT stun
(05:05 / Allies) SouthElf: lmfao
(05:12 / Allies) SouthElf: i just leveled up after u died
(05:14 / Allies) SouthElf: lmao!
(05:15 / All) eating-meh-bro: asshole golems
(05:31 / All) Dark.Ages: I had slightly more HP than it and shoulda killed it easily
(05:40 / All) Dark.Ages: It's as gay as the kobold stun on market square
(05:43 / Allies) SouthElf: poor baby
(05:45 / All) Dark.Ages: militia get stunned and nothing you can do about it
(05:52 / Allies) SouthElf: using the word gay is douche btw
(05:57 / Allies) Dark.Ages: Shut it faggot
(06:01 / Allies) SouthElf: true lol
(06:05 / Allies) eating-meh-bro: uh
(06:13 / Allies) eating-meh-bro: hmm
(06:19 / Allies) SouthElf: chims massing here
(06:25 / Allies) Dark.Ages: chimbot insulting me
(06:25 / Allies) Dark.Ages: lol
(06:26 / Allies) Kaotic_Krogan: kk
(06:43 / Allies) SouthElf: hahaha
(06:46 / Allies) SouthElf: ;)
(06:54 / Allies) Dark.Ages: We'll see who is laughing at the end of this buddy
(06:58 / Allies) SouthElf: ????
(07:05 / Allies) SouthElf: ill bend u over any day brobaber
(07:06 / Allies) eating-meh-bro: red
(09:03 / Allies) Kaotic_Krogan: omw
(09:19 / Allies) Kaotic_Krogan: oj
(09:25 / Allies) Dark.Ages: I'm not helping him
(09:28 / Allies) Dark.Ages: He;s a chimbot
(09:43 / Allies) Kaotic_Krogan: last expo
(10:26 / All) Mordak: nice tech to chimz red
(10:33 / All) eating-meh-bro: leave hime alone jerk
(10:37 / All) Dark.Ages: he's a chimbot
(10:40 / All) Dark.Ages: and insults me
(11:06 / All) Dark.Ages: he thinks he's so good
(11:08 / All) Mordak: HI YELLOW
(11:17 / All) Mordak: and yellow is giving exp
(11:25 / Allies) SouthElf: its ur record bro lol
(11:35 / Allies) Dark.Ages: I'm 0-0
(11:56 / Allies) eating-meh-bro: feed me gold yellow i tped at ur base cmon !
(11:59 / Allies) SouthElf: ????
(12:00 / Allies) eating-meh-bro: i like mass effect !
(12:04 / Allies) SouthElf: im afk lol
(12:09 / Allies) SouthElf: goodluck boys
(12:17 / Allies) Kaotic_Krogan: dont leave red
(12:28 / Allies) Kaotic_Krogan: why u tk ojÉ
(12:34 / Allies) Dark.Ages: he's a chimbot
(12:38 / Allies) Dark.Ages: he can be another expo for me
(12:40 / Allies) Kaotic_Krogan: whats that?
(12:57 / Allies) Dark.Ages: noob elf who goes chim every game and thinks he's good
(13:05 / Allies) Kaotic_Krogan: :p
(13:08 / Allies) Kaotic_Krogan: i see
(13:16 / Allies) eating-meh-bro: red feed me ur gold and ill tk oj man
(13:20 / Allies) Kaotic_Krogan: btw im doing knights
(14:24 / Allies) Kaotic_Krogan: have to shiting me
(14:34 / Allies) Kaotic_Krogan: fucking sappers
(15:14 / Allies) Dark.Ages: gj
(15:27 / Allies) Kaotic_Krogan: let me buy tp and we hit
(16:03 / Allies) Kaotic_Krogan: meet
(16:16 / Allies) Kaotic_Krogan: u got both tp...?
(16:25 / Allies) Dark.Ages: sold out
(16:26 / Allies) eating-meh-bro: lets hit green eys
(16:35 / Allies) Kaotic_Krogan: i wont have tp
(17:05 / All) DrunkenBoxing: I goofed with that one sapper lawl
(19:25 / Allies) eating-meh-bro: tp if purp hits ur expo?
(19:32 / Allies) Dark.Ages: yeah
(19:43 / Allies) eating-meh-bro: just let that one die
(21:18 / All) Mordak: BOOOOM
(21:55 / All) Dark.Ages: I should just go human but it's nice to have a slight challenge
(23:18 / All) Dark.Ages: bm 3rd hero lawl
(24:31 / All) eating-meh-bro: maybei should have gone expo this game
(25:16 / All) eating-meh-bro: 316
(25:21 / All) eating-meh-bro: god dammit lol
(27:31 / All) Mordak: xxx
(28:50 / Allies) SouthElf: lmao
(28:52 / Allies) SouthElf: ylal still here
(28:56 / Allies) SouthElf: i just gave blue 4k
(29:05 / Allies) Dark.Ages: Give me 500
(29:11 / Allies) SouthElf: lmao
(29:13 / Allies) SouthElf: noobs
(29:14 / Allies) Dark.Ages: ty
(29:16 / Allies) SouthElf: afk
(29:26 / Allies) SouthElf: goodluck
(30:10 / All) Dark.Ages: lol
(30:17 / All) Dark.Ages: You have a lot of gold to afford that many tps to 1 hero?
(31:23 / Allies) eating-meh-bro: if ur bm is here we can rape purp if he hits again
(31:54 / Allies) eating-meh-bro: not with green
(36:10 / All) Mordak: oj ftw
(37:30 / Allies) Dark.Ages: make a watch tower or some shit?
(37:53 / All) Dark.Ages: lol
(37:55 / All) eating-meh-bro: lol
(37:58 / All) Dark.Ages: This was a close game
(38:05 / All) Dark.Ages: If I was more experienced with orc it would have been easier
(38:05 / All) Phongman: lol teal has been killing us whole time
(38:16 / All) Phongman: I was wondering how my gold mine kept dieing
(38:16 / All) Dark.Ages: I lost my bm too many times
(38:44 / All) Phongman: I guess teal wants you to win
(39:01 / All) Dark.Ages: I got that hero
(39:02 / All) Dark.Ages: leave it
(39:06 / All) Phongman: GG
(39:07 / All) Phongman: We lose
(39:23 / All) eating-meh-bro: this was hella close
(39:30 / All) Phongman: Was a good game
(39:32 / All) Dark.Ages: last 2 buildings
(39:48 / All) Phongman: Well I dunno if it will end anytime soon
(39:52 / All) Phongman: Teal doesnt want to end it lol
(40:47 / All) eating-meh-bro: lol
(40:50 / All) Phongman: KK
(40:52 / All) Phongman: Im afking
(40:53 / All) Phongman: GG
(44:02 / All) Dark.Ages: When he has far seer and is my team I can reveal shit I see through maphack
(44:03 / All) Dark.Ages: it's sweet
(44:08 / All) Dark.Ages: I like to do that with goblin labs too
(44:09 / All) DrunkenBoxing: purp has a food somewhere
(44:26 / All) eating-meh-bro: mid left expo
(44:28 / All) Dark.Ages: I'll get that
(44:40 / All) eating-meh-bro: can i use quake ur base?
(45:03 / All) DrunkenBoxing: stalemate
(45:21 / All) DrunkenBoxing: nice quake
(45:25 / All) DrunkenBoxing: killed the towers left the food
(45:29 / All) eating-meh-bro: lol
(45:34 / All) eating-meh-bro: im a little slow
(45:43 / All) Dark.Ages: I'll make some towers to finish my side
(45:46 / All) DrunkenBoxing: care if pink has a shade?
(45:59 / All) Dark.Ages: No
(46:03 / All) Dark.Ages: He can observe with it
(46:20 / All) DrunkenBoxing: burrow
(46:24 / All) Dark.Ages: omw
(47:19 / All) eating-meh-bro: i think its time i thumbs down this map
(47:31 / All) Dark.Ages: It's so shit
(47:36 / All) Dark.Ages: would be great with goblin labs and shops
(47:51 / All) DrunkenBoxing: I like this map a lot
(49:10 / All) DrunkenBoxing: tell his ass to leave
(49:46 / All) Dark.Ages: We kill our heroes now?
(49:59 / All) Dark.Ages: no idea
(50:04 / All) eating-meh-bro: just let him stay pink has shit rec anyways
(50:54 / All) Dark.Ages: Our side is done
(51:06 / All) DrunkenBoxing: ADIOS AMIGOS
(51:08 / All) Dark.Ages: Good luck everyone
(51:12 / All) Dark.Ages: LET IT BEGIN, LET IT BEGIN!